 Dungeon Crawl Stone Soup version 0.31-a0-182-gc5ef74bbde (webtiles) character file.

Game seed: 5762682675283405559

78 qw the Chopper (level 4, 0/28 HPs)
             Began as a Gargoyle Fighter on June 20, 2023.
             Slain by a black bear (2 damage)
             ... on level 3 of the Dungeon.
             The game lasted 00:01:01 (2091 turns).

qw the Chopper (Gargoyle Fighter)                   Turns: 2091, Time: 00:01:01

Health: 0/28       AC: 10    Str: 22    XL:     4   Next: 36%
Magic:  4/4        EV:  9    Int:  8    God:
Gold:   154        SH:  4    Dex:  9    Spells: 3/3 levels left

rFire   . . .        Y - +0 war axe
rCold   . . .        c - +0 buckler
rNeg    + + .        b - +0 scale mail
rPois   inf          (no helmet)
rElec   +            (no cloak)
rCorr   .            (no gloves)
SInv    .            (no boots)
Will    .....        (no amulet) Stlth
                     a - ring of positive energy
HPRegen 0.24/turn    (no ring)
MPRegen 0.09/turn

%: no passive effects
@: no status effects
A: sickness immunity, AC +3, negative energy resistance 1, electricity
resistance, torment resistance 1, petrification resistance
a: no special abilities


You were on level 3 of the Dungeon.
You visited 1 branch of the dungeon, and saw 3 of its levels.

You collected 154 gold pieces.


Innate Abilities, Weirdness & Mutations

You are immune to sickness and miasma.
Your stone body is resilient. (AC +3)
You are immune to poison.
You resist negative energy. (rN+)
You are resistant to electric shocks. (rElec)
You are resistant to unholy torment.
You are immune to petrification.


   Skills:
 - Level 3.2 Fighting
 + Level 4.1 Axes
 - Level 3.2 Armour
 - Level 3.2 Shields


You had 3 spell levels left.
You didn't know any spells.
Your spell library was empty.

Inventory:

Hand Weapons
 g - a +0 whip
 Y - a +0 war axe (weapon)
Missiles
 l - 6 boomerangs (quivered)
Armour
 b - a +0 scale mail (worn)
 c - a +0 buckler (worn)
Jewellery
 a - a ring of positive energy (left hand)
Scrolls
 e - 2 scrolls of identify
Potions
 d - a potion of might
 f - a potion of lignification {unknown}
 h - a potion of invisibility {unknown}
 i - a potion of ambrosia {unknown}
 j - a potion of brilliance {unknown}
 m - 2 potions of curing {unknown}

Dungeon Overview and Level Annotations

Branches:
Dungeon (3/15)

Altars:
Kikubaaqudgha
Sif Muna


Message History

The orc closely misses you.
You slash the black bear!
The black bear is severely wounded.
The black bear bites you but does no damage.
The black bear claws you but does no damage. x2
The orc hits you from afar with a +2 trident of protection.
The black bear bites you but does no damage.
The black bear barely misses you.
The black bear claws you but does no damage.
You block the orc's attack.
A worm comes into view.
You hit the black bear.
The black bear is almost dead.
An orc comes into view. It is wielding a +0 dagger.
The black bear goes berserk!
The orc hits you but does no damage.
You completely miss the black bear.
The black bear is almost dead.
The orc shouts!
The black bear bites you. You block the black bear's attack.
The black bear claws you but does no damage.
The orc hits you from afar with a +2 trident of protection.
The black bear barely misses you. You block the black bear's attack.
The black bear barely misses you. The orc closely misses you.
You hit the black bear but do no damage.
The black bear is almost dead.
The black bear closely misses you. The black bear claws you. x2
The black bear closely misses you. The black bear completely misses you.
The black bear claws you. You block the orc's attack.
You barely miss the black bear.
The black bear is almost dead.
The black bear bites you.
The black bear claws you but does no damage. x2
The orc barely misses you. The black bear bites you.
The black bear closely misses you.
The black bear claws you but does no damage.
You barely miss the black bear.
The black bear is almost dead.
The black bear bites you but does no damage.
The black bear claws you.
You die...

#...(#......##.#
#.#....####...##.# #..o
#.#....# ######## '##...
#.#....# ...... #.#....#
...o..# #o#....# .......
#.# ....o.. #.#
.......###@#
.......woh.########
......###..#......# .....
##.#......# ##### ####
#.#......#####....
########'#...............
.........................
.........................
................)........


You could see a black bear (berserk), a worm and 2 orcs.

Vanquished Creatures
  2 adders (D:2)
  4 dart slugs
  5 ball pythons
  7 bats
  2 endoplasms
  7 goblins
  4 hobgoblins
  3 jackals (D:1)
  2 quokkas
  4 frilled lizards
  7 kobolds
  3 rats
50 creatures vanquished.

Vanquished Creatures (others)
  A human (D:3)
1 creature vanquished.

Grand Total: 51 creatures vanquished

Notes
Turn   | Place    | Note
-------+----------+-------------------------------------------
     0 | D:1      | qw the Gargoyle Fighter began the quest for the Orb.
     0 | D:1      | Reached XP level 1. HP: 14/14 MP: 1/1
     0 | D:1      | 0 ||| qw: Version: 0.3-a-9-g12657ce
     0 | D:1      | 0 ||| qw: Game counter: 1348
     0 | D:1      | 0 ||| qw: Always use a shield: true
     0 | D:1      | 0 ||| qw: God list: Okawaru
     0 | D:1      | 0 ||| qw: Allow faded altars: false
     0 | D:1      | 0 ||| qw: Do Orc after D:15 true
     0 | D:1      | 0 ||| qw: Do second Lair branch before Depths: true
     0 | D:1      | 0 ||| qw: Lair rune preference: random
     0 | D:1      | 0 ||| qw: Plans: Normal, Zot:1-4, Slime:5, God:TSO, Crypt,
                  | Tomb, Abyss, Pan, Hells, Win
     0 | D:1      | 0 ||| PLANNING D:1-11
    21 | D:1      | Reached skill level 2 in Axes
    89 | D:1      | Reached XP level 2. HP: 19/19 MP: 2/2
    98 | D:1      | 98 ||| DROPPING +0 club.
   162 | D:1      | 162 ||| Stepping ~*~*~tactically~*~*~ (stealth).
   168 | D:1      | 168 ||| FLEEEEING.
   169 | D:1      | 169 ||| FLEEEEING.
   406 | D:1      | Reached skill level 3 in Axes
   491 | D:1      | 491 ||| FLEEEEING.
   492 | D:1      | 492 ||| FLEEEEING.
   493 | D:1      | 493 ||| Stepping ~*~*~tactically~*~*~ (hiding).
   495 | D:1      | 495 ||| Stepping ~*~*~tactically~*~*~ (hiding).
   503 | D:1      | Reached XP level 3. HP: 23/23 MP: 3/3
   626 | D:1      | 626 ||| Stepping ~*~*~tactically~*~*~ (stealth).
   711 | D:1      | 711 ||| Stepping ~*~*~tactically~*~*~ (hiding).
  1018 | D:1      | 1018 ||| DROPPING +0 ring mail of positive energy.
  1019 | D:1      | 1019 ||| READING scroll labelled MAABEF LUE.
  1179 | D:2      | 1179 ||| Stepping ~*~*~tactically~*~*~ (stealth).
  1315 | D:2      | Reached XP level 4. HP: 28/28 MP: 4/4
  1332 | D:2      | 1332 ||| Stepping ~*~*~tactically~*~*~ (hiding).
  1549 | D:2      | Reached skill level 4 in Axes
  1567 | D:2      | 1567 ||| Stepping ~*~*~tactically~*~*~ (stealth).
  1594 | D:2      | 1594 ||| UPGRADING to ring of positive energy.
  1595 | D:2      | 1595 ||| READING scroll labelled BANAUN NUSK.
  1596 | D:2      | 1596 ||| READING scroll labelled MIRIPNU FERAI.
  1600 | D:2      | 1600 ||| DRINKING 3 bubbling clear potions.
  1705 | D:2      | 1705 ||| DROPPING 2 potions of berserk rage.
  1960 | D:3      | Found an ancient bone altar of Kikubaaqudgha.
  1960 | D:3      | Noticed a human
  1964 | D:3      | Killed a human
  1982 | D:3      | Found a shimmering blue altar of Sif Muna.
  2073 | D:3      | Noticed a black bear
  2074 | D:3      | 2074 ||| Stepping ~*~*~tactically~*~*~ (hiding).
  2077 | D:3      | 2077 ||| Stepping ~*~*~tactically~*~*~ (hiding).
  2079 | D:3      | 2079 ||| Stepping ~*~*~tactically~*~*~ (hiding).
  2089 | D:3      | HP: 7/28 [black bear (5)]
  2090 | D:3      | HP: 2/28 [black bear (2)]
  2091 | D:3      | Slain by a black bear

Levels and vault maps discovered:
D:1:      tarquinn_simple_flora_water_d, layout_basic
D:2:      layout_basic
D:3:      minmay_door_path, layout_basic, tgw_kikubaaqudgha,
          mainiacjoe_overflow_24_doors, serial_shops, nicolae_shop_hallway_plus

Skill      XL: |  1  2  3  4 |
---------------+-------------+-----
Axes           | 2 3 4 |  4.1
Fighting       | |  3.2
Armour         | |  3.2
Shields        | |  3.2

Action                     |  1- 3 |  4- 6 || total
---------------------------+-------+-------++-------
  Melee: War axe           |   120 |    57 ||   177
  Throw: Boomerang         |       |    13 ||    13
    Use: Scroll            |     1 |     2 ||     3
         Potion            |       |     1 ||     1
 Armour: Scale mail        |    54 |    49 ||   103
  Dodge: Dodged            |    63 |    43 ||   106
  Block: Buckler           |    20 |    16 ||    36

Table legend:
 A = Non-vault XP
 B = Vault XP
 C = Vault XP percentage of total XP
 D = Non-vault monster count
 E = Vault monster count
 F = Vault count percentage of total count
                 A         B        C        D         E       F
            +---------+---------+-------+---------+---------+-------
      Total |     112 |       0 |   0.0 |      50 |       0 |   0.0
            +---------+---------+-------+---------+---------+-------
        D:1 |      49 |       0 |   0.0 |      26 |       0 |   0.0
        D:2 |      57 |       0 |   0.0 |      20 |       0 |   0.0
        D:3 |       6 |       0 |   0.0 |       4 |       0 |   0.0
            +---------+---------+-------+---------+---------+-------
